 Dungeon Crawl Stone Soup version 0.28-a0-577-gb193047a1f (webtiles) character file.

Game seed: 4609951794913011463

58 demibob the Poker (level 4, -4/33 HPs)
             Began as a Merfolk Gladiator on Oct 2, 2021.
             Slain by a gnoll (7 damage)
             ... on level 2 of the Dungeon.
             The game lasted 00:01:33 (1458 turns).

demibob the Poker (Merfolk Gladiator)               Turns: 1458, Time: 00:01:34

Health: -4/33      AC:  5    Str: 11 (14) XL:     4   Next: 2%
Magic:  4/4        EV: 13    Int:  4 (7)  God:
Gold:   40         SH:  0    Dex: 13 (16) Spells: 3/3 levels left

rFire   . . .      SeeInvis .   a - +0 trident
rCold   . . .      Faith    .   (no shield)
rNeg    . . .      Spirit   .   b - +0 leather armour
rPois   .          Reflect  .   c - +0 helmet
rElec   .          Harm     .   h - +0 cloak
rCorr   .          Rampage  .   (no gloves)
Will    .....                   (no boots)
Stlth   +.........              (no amulet)
HPRegen 0.11/turn               (no ring)
MPRegen 0.09/turn               (no ring)

@: no status effects
A: (nimble swimmer 2), mertail
a: no special abilities


You were on level 2 of the Dungeon.
You visited 1 branch of the dungeon, and saw 2 of its levels.

You collected 40 gold pieces.


Innate Abilities, Weirdness & Mutations

((You are quick and stealthy near water. (Stealth+, EV+, Speed+++)))
Your lower body shifts to a powerful aquatic tail in water.


   Skills:
 - Level 2.1 Fighting
 + Level 5.8 Polearms
 - Level 2.0 Throwing
 + Level 5.2 Dodging


You had 3 spell levels left.
You didn't know any spells.
Your spell library contained the following spells:

 Spells                   Type           Power      Damage    Failure   Level
 Shock                    Conj/Air       0%         1d3       58%         1
 Swiftness                Air            0%         N/A       92%         3
 Airstrike                Air            0%         N/A       100%        4

Inventory:

Hand Weapons
 a - a +0 trident (weapon)
Missiles
 d - 3 throwing nets (quivered) {=f}
Armour
 b - a +0 leather armour (worn)
 c - a +0 helmet (worn)
 h - a +0 cloak (worn)
Scrolls
 i - a scroll of vulnerability
Potions
 g - a potion of curing {unknown}

Dungeon Overview and Level Annotations

Branches:
Dungeon (2/15)

Altars:

Annotations:
D:1 1 runed translucent door

# #.#
#.#.########### #.#
#.#.# #.# #.#.#
########.# #.#.#
#.....##.# #.#.#
###.....##.# #†#.#
...........# #.#.#
###.....##.# #.#.#
#####...######.#@#
........')!....#g#
#####...########g##
#............gg.#
#.#...#####gg#..#
...#.g........#..#
### #g#######..#..#
g.# #..#... g..#
#..#.###


You could see 4 gnolls.


Message History

The gnoll hits you with a +0 whip! The gnoll hits you but does no damage.
The gnoll barely misses you. The gnoll misses you.
You hit the gnoll but do no damage. The gnoll closely misses you.
The gnoll hits you from afar with a +0 spear.
Your leather armour prevents you from hitting the gnoll.
The gnoll completely misses you. The gnoll misses you.
The gnoll closely misses you.
You hit the gnoll.
The gnoll is heavily wounded.
The gnoll hits you with a +0 whip. The gnoll misses you.
The gnoll barely misses you. The gnoll misses you.
You closely miss the gnoll.
The gnoll is heavily wounded.
The gnoll hits you with a +0 whip.
* * * LOW HITPOINT WARNING * * *
The gnoll barely misses you.
The gnoll hits you from afar with a +0 spear.
* * * LOW HITPOINT WARNING * * *
The gnoll misses you.
Unknown command.
The gnoll throws a throwing net.
The throwing net hits you.
You become entangled in the net!
You see here a throwing net {=f}.
You tear a large gash into the net.
You struggle against the net.
The gnoll hits you with a +0 whip.
* * * LOW HITPOINT WARNING * * *
The gnoll hits you from afar with a +0 spear!
* * * LOW HITPOINT WARNING * * *
You shred the net and break free! The gnoll hits you with a +0 whip!
You die...

Skill      XL: |  1  2  3 |
---------------+----------+-----
Polearms       | 5 |  5.8
Dodging        | 5 |  5.2
Fighting       | |  2.1
Throwing       | |  2.0

Action                   |  1- 3 |  4- 6 || total
-------------------------+-------+-------++-------
Melee: Trident           |   130 |    14 ||   144
  Use: Potion            |     1 |       ||     1
       Scroll            |       |     2 ||     2
Armor: Leather armour    |    23 |     3 ||    26
Dodge: Dodged            |    63 |    15 ||    78

Levels and vault maps discovered:
D:1:      dpeg_arrival_caged_fury, layout_loops_cross
D:2:      layout_basic, chequers_ecumenical_altar_island, serial_shops,
          nicolae_shop_stone, uniq_crazy_yiuf_cottage, uniq_robin, uniq_natasha

Notes
Turn   | Place    | Note
-------+----------+-------------------------------------------
     0 | D:1      | demibob the Merfolk Gladiator began the quest for the Orb.
     0 | D:1      | Reached XP level 1. HP: 16/16 MP: 1/1
     1 | D:1      | Found a runed translucent door.
   201 | D:1      | Reached XP level 2. HP: 16/22 MP: 2/2
   339 | D:1      | Reached skill level 5 in Polearms
   855 | D:1      | Reached XP level 3. HP: 25/27 MP: 3/3
  1067 | D:2      | Reached skill level 5 in Dodging
  1306 | D:2      | Reached XP level 4. HP: 25/33 MP: 4/4
  1457 | D:2      | HP: 3/33 [gnoll (7)]
  1458 | D:2      | Slain by a gnoll

Vanquished Creatures
  An adder (D:2)
  3 bats
  5 endoplasms
  2 giant cockroaches
  9 goblins
  6 hobgoblins
  2 quokkas (D:1)
  4 ball pythons
  4 frilled lizards
  2 kobolds (D:1)
  5 rats
43 creatures vanquished.

Table legend: (Time is in decaauts)
 A = Elapsed time spent in this place.
 B = Non-inter-level travel time spent in this place.
 C = Inter-level travel time spent in this place.
 D = Time resting spent in this place.
 E = Time spent auto-exploring this place.
 F = Levels seen in this place.
 G = Mean time per level.
                   A        B        C        D        E       F      G
               +--------+--------+--------+--------+--------+-----+--------+
         Total |   1463 |   1459 |      4 |    226 |    964 |   2 |  731.5 |
       Dungeon |   1463 |   1459 |      4 |    226 |    964 |   2 |  731.5 |
               +--------+--------+--------+--------+--------+-----+--------+

Top non-repeatable levels by time:
     D:1: 1030 daAuts
     D:2: 433 daAuts

Table legend:
 A = Non-vault XP
 B = Vault XP
 C = Vault XP percentage of total XP
 D = Non-vault monster count
 E = Vault monster count
 F = Vault count percentage of total count
                 A         B        C        D         E       F
            +---------+---------+-------+---------+---------+-------
      Total |      68 |      16 |  19.0 |      35 |       8 |  18.6
            +---------+---------+-------+---------+---------+-------
        D:1 |      41 |       0 |   0.0 |      25 |       0 |   0.0
        D:2 |      27 |      16 |  37.2 |      10 |       8 |  44.4
            +---------+---------+-------+---------+---------+-------
